 Dungeon Crawl Stone Soup version 0.17-a0-737-gf0a300a (webtiles) character file.

5 MackTheKnife the Sneak (level 1, 0/10 HPs)
             Began as a Spriggan Assassin on May 9, 2015.
             Slain by a hobgoblin
             ... wielding a +0 club
              (5 damage)
             ... on level 1 of the Dungeon.
             The game lasted 00:00:24 (55 turns).

MackTheKnife the Sneak (Spriggan Assassin)            Turns: 55, Time: 00:00:24

Health: 0/10       AC:  3    Str:  7    XL:     1   Next: 66%
Magic:  2/2        EV: 17    Int: 12    God:
Gold:   10         SH:  0    Dex: 17    Spells: 0 memorised, 0 levels left

rFire  . . .     SeeInvis +     a - +2 dagger
rCold  . . .     Clarity  .     c - +0 robe
rNeg   . . .     SustAb   .     (shield restricted)
rPois  .         Gourm    .     (helmet restricted)
rElec  .         Spirit   .     d - +0 cloak
rCorr  .         Warding  .     (gloves unavailable)
rMut   .         Stasis   .     (boots unavailable)
MR     .....                    (no amulet)
Stlth  ++++......               (no ring)
                                (no ring)

@: very quick, not resistant to hostile enchantments, stealthy
A: unfitting armour, see invisible, herbivore 3, speed 3, slow metabolism 2
a: no special abilities


You were on level 1 of the Dungeon.
You were not hungry.

You visited 1 branch of the dungeon, and saw 1 of its levels.

You collected 10 gold pieces.

Inventory:

Hand weapons
 a - a +2 dagger (weapon)
 b - a +0 blowgun
Missiles
 e - 10 poisoned needles
Armour
 c - a +0 robe (worn)
 d - a +0 cloak (worn)
Comestibles
 f - 2 bread rations {@e1}


   Skills:
 - Level 1.5 Fighting
 - Level 2.1 Throwing
 - Level 1.5 Dodging
 + Level 6.4 Stealth


You couldn't memorise any spells.
You didn't know any spells.

Dungeon Overview and Level Annotations

Branches:
Dungeon (1/15)

Altars:


Innate Abilities, Weirdness & Mutations

You are tiny and cannot use many weapons and most armour.
You have supernaturally acute eyesight.
You are a herbivore.
You cover ground extremely quickly.
You need consume almost no food.


Message History

Welcome, MackTheKnife the Spriggan Assassin.
It is said that the Orb of Zot exists deep within this dungeon, but nobody has ever found it.
Found 10 gold pieces.
Found a staircase leading out of the dungeon.
Wield which item (- for none, * to show all)? (? for menu, Esc to quit)
a - a +2 dagger (weapon)
You now have 10 gold pieces.
A giant newt comes into view.
The helpless giant newt fails to defend itself.
You impale the giant newt!!
You kill the giant newt!
You hear a distant slurping noise.
No target in view!
You hear a distant slurping noise.
A goblin comes into view.
You hear a distant slurping noise.
You hear a distant slurping noise.
The helpless goblin fails to defend itself.
You impale the goblin!!
You kill the goblin!
Your Stealth skill increases to level 6!
f - 2 bread rations {@e1} (gained 1)
You hear a distant slurping noise.
You hear a distant slurping noise.
A bat comes into view.
A bat is nearby!
A bat is nearby!
You hit the bat. The bat hits you but does no damage. The bat hits you.
You take 1 damage, and have 9/10 hp.
You hit the bat.
You kill the bat!
You hear a distant slurping noise.
No target in view!
A bat comes into view.
A bat is nearby!
The bat misses you.
Found a stone staircase leading down.
The bat hits you but does no damage.
A rat comes into view.
The bat completely misses you. The bat hits you but does no damage.
The bat misses you.
You closely miss the bat. The bat closely misses you. The bat misses you.
You hit the bat. The bat barely misses you.
You closely miss the bat. The bat closely misses you.
You hit the bat. The bat closely misses you.
You hit the rat. The bat misses you. The rat closely misses you.
You hit the bat but do no damage. The bat completely misses you.
The rat completely misses you.
You barely miss the bat. The bat barely misses you.
The rat bites you but does no damage.
You completely miss the rat. The bat misses you. The rat barely misses you.
You hit the bat.
You kill the bat!
The rat completely misses you.
You hit the rat.
You kill the rat!
No target in view!
There is a stone staircase leading down here.
A hobgoblin comes into view. It is wielding a club.
A hobgoblin is nearby!
The hobgoblin closely misses you.
You closely miss the hobgoblin. The hobgoblin completely misses you.
You closely miss the hobgoblin. You hit the hobgoblin but do no damage.
The hobgoblin closely misses you.
You closely miss the hobgoblin. The hobgoblin hits you with a club.
You take 4 damage, and have 5/10 hp.
MASSIVE DAMAGE!!
You hit the hobgoblin but do no damage. The hobgoblin misses you.
You barely miss the hobgoblin. The hobgoblin closely misses you.
You hit the hobgoblin. The hobgoblin hits you with a club.
Ouch! That really hurt!
You die...

### #.# # ###.. #.. ..#.#
#.# #.#.# #.# ####.#g#
#.# #....#@#
######.####..†.#.#
#.............†#.###.###
#........##...>..........
#........##....#.###.###
#........##....#.#
#........##....#.#
######+#.##.......
##.......#####.#..


You could see a hobgoblin.

Vanquished Creatures
  2 bats (D:1)
  A goblin (D:1)
  A giant newt (D:1)
  A rat (D:1)
5 creatures vanquished.

Notes
Turn   | Place    | Note
--------------------------------------------------------------
     0 | D:1      | MackTheKnife, the Spriggan Assassin, began the quest for the Orb.
     0 | D:1      | Reached XP level 1. HP: 10/10 MP: 2/2
    13 | D:1      | Reached skill level 6 in Stealth
    55 | D:1      | Slain by a hobgoblin

Action                   || total
-------------------------++-------
Melee: Dagger            ||    21
 Stab: Sleeping          ||     2

Vault maps used:
D:1:      dpeg_arrival_sounds_slurp

Table legend:
 A = Turns spent in this place as a percentage of turns spent in the entire game.
 B = Non-inter-level travel turns spent in this place as a percentage of non-inter-level travel turns spent in the entire game.
 C = Inter-level travel turns spent in this place as a percentage of turns spent in this place.
 D = Turns resting spent in this place as a percentage of non-inter-level travel turns spent in this place.
 E = Turns spent auto-exploring this place as a percentage of non-inter-level travel turns spent in this place.
 F = Non-inter-level travel turns spent in this place divided by the number of levels of this place that you've seen.
                   A       B       C       D       E      F
               +-------+-------+-------+-------+-------+----------------------
         Total | 100.0 | 100.0 |   0.0 |   0.0 |   5.4 |  56.0
       Dungeon | 100.0 | 100.0 |   0.0 |   0.0 |   5.4 |  56.0
               +-------+-------+-------+-------+-------+----------------------

Table legend:
 A = Kills in this place as a percentage of kills in entire the game.
 B = Kills by you in this place as a percentage of kills by you in the entire game.
 C = Kills by friends in this place as a percentage of kills by friends in the entire game.
 D = Other kills in this place as a percentage of other kills in the entire game.
 E = Experience gained in this place as a percentage of experience gained in the entire game.
 F = Experience gained in this place divided by the number of levels of this place that you have seen.
                   A       B       C       D       E      F
               +-------+-------+-------+-------+-------+----------------------
         Total | 100.0 | 100.0 |  -nan |  -nan | 100.0 |   8.0
       Dungeon | 100.0 | 100.0 |  -nan |  -nan | 100.0 |   8.0
               +-------+-------+-------+-------+-------+----------------------
